 Dungeon Sprint DCSS version 0.27-a0-978-g2aa4ecdaef (webtiles) character file.

Game seed: 8306646510297048650

82 mhtbhm the Geomancer (level 4, 0/24 HPs)
             Began as a Gargoyle Earth Elementalist on Apr 14, 2021.
             Slain by a hound (3 damage)
             ... in the Dungeon (Sprint IX: "|||||||||||||||||||||||||||||").
             The game lasted 00:00:47 (84 turns).

mhtbhm the Geomancer (Gargoyle Earth Elementalist)    Turns: 84, Time: 00:00:48

Health: 0/24       AC:  5    Str: 12    XL:     4   Next: 43%
Magic:  1/10       EV: 12    Int: 16    God:
Gold:   0          SH:  0    Dex: 10    Spells: 10/11 levels left

rFire    . . .     SeeInvis .   (no weapon)
rCold    . . .     Faith    .   (no shield)
rNeg     + . .     Spirit   .   c - +0 robe
rPois    ∞         Reflect  .   (no helmet)
rElec    +         Harm     .   (no cloak)
rCorr    .         Rampage  .   (no gloves)
Will     .....     NoTele   +   (no boots)
Stlth    ++........             (no amulet)
HPRegen  0.08/turn              (no ring)
MPRegen  0.12/turn              (no ring)

@: on berserk cooldown, slowed, very slow
A: AC +3, negative energy resistance 1, electricity resistance, torment
resistance 1, unbreathing 1, petrification resistance
a: no special abilities


You were in the Dungeon.
You visited 1 branch

Inventory:

Missiles
 b - 22 stones
Armour
 c - a +0 robe (worn)
Scrolls
 i - a scroll of blinking
Potions
 d - a potion of curing
 e - a potion of heal wounds
 f - a potion of haste
 g - a potion of magic


   Skills:
 + Level 0.7 Fighting
 + Level 3.3 Dodging
 - Level 2.1 Stealth
 + Level 4.0 Spellcasting
 + Level 1.1 Transmutations
 + Level 8.3 Earth Magic


You had 10 spell levels left.
You knew the following spells:

 Your Spells              Type           Power      Damage    Failure   Level
a - Sandblast             Erth           58%        2d13      1%          1

Your spell library contained the following spells:

 Spells                   Type           Power      Damage    Failure   Level
 Passwall                 Tmut/Erth      15%        N/A       3%          2
 Stone Arrow              Conj/Erth      32%        3d9       9%          3
 Lee's Rapid Deconstruct  Erth           14%        3d10*     16%         5
 Petrify                  Tmut/Erth      18%        N/A       24%         4


Dungeon Overview and Level Annotations

Branches:
Dungeon (1/1)

Altars:


Innate Abilities, Weirdness & Mutations

Your stone body is resilient. (AC +3)
You are immune to poison.
You resist negative energy. (rN+)
You are resistant to electric shocks. (rElec)
You are resistant to unholy torment.
You can survive without breathing.
You are immune to petrification.


Message History

The hound is lightly wounded.
The hound completely misses you.
You barely miss the hound.
The hound is lightly wounded.
The hound bites you but does no damage.
You closely miss the hound.
The hound is lightly wounded.
The hound bites you but does no damage.
You barely miss the hound.
The hound is lightly wounded.
The hound barely misses you.
You barely miss the hound.
The hound is lightly wounded.
The hound bites you.
* * * LOW HITPOINT WARNING * * *
You closely miss the hound.
The hound is lightly wounded.
The hound bites you but does no damage.
You hit the hound.
The hound is moderately wounded.
The hound closely misses you.
You closely miss the hound.
The hound is moderately wounded.
The hound barely misses you.
You barely miss the hound.
The hound is moderately wounded.
You are no longer berserk.
You are exhausted.
You feel yourself slow down. The hound bites you.
* * * LOW HITPOINT WARNING * * *
Unknown command.
Casting: Sandblast (safe; 1% risk of failure)
Confirm with . or Enter, or press ? or * to list all spells.
Aiming: Sandblast (safe; 1% risk of failure)
Press: ? - help, Shift-Dir - straight line, f - hound
Aim: a hound (moderately wounded, 27% to evade)
The blast of sand hits the hound!
The hound is almost dead.
The hound bites you.
You die...

▓.▓
▓'▓
▓.▓
▓.▓
▓.▓
▓.▓
▓Z▓
▓h▓
▓@▓
▓.▓
▓.▓
▓<▓
▓▓▓


You could see a hound and an adder zombie.

Vanquished Creatures
  A howler monkey (D)
  A jelly (D)
  An adder (D)
  2 bats (D)
  An endoplasm (D)
  2 rats (D)
8 creatures vanquished.

Notes
Turn   | Place    | Note
-------+----------+-------------------------------------------
     0 | D        | mhtbhm the Gargoyle Earth Elementalist began the quest for
                  | the Orb.
     0 | D        | Reached XP level 1. HP: 10/10 MP: 3/3
    14 | D        | Reached skill level 4 in Earth Magic
    36 | D        | Reached skill level 5 in Earth Magic
    47 | D        | Noticed a hound
    47 | D        | Noticed a jelly
    47 | D        | Noticed a howler monkey
    65 | D        | Killed a howler monkey
    66 | D        | Reached skill level 1 in Transmutations
    66 | D        | Reached skill level 7 in Earth Magic
    66 | D        | Reached XP level 2. HP: 12/16 MP: 3/6
    66 | D        | Reached XP level 3. HP: 15/20 MP: 3/7
    67 | D        | Reached skill level 8 in Earth Magic
    67 | D        | Reached XP level 4. HP: 19/24 MP: 2/9
    84 | D        | Slain by a hound

Illustrated notes

Levels and vault maps discovered:
D:        linesprint [early_d, line_temple, items_1, d_10, items_2, lair_1,
          lair_end, items_3, orc_1, orc_end, items_4, d_15, swamp_1, shoals_1,
          snake_1, spider_1, d_20, vaults_1, items_5, swamp_end, shoals_end,
          snake_end, spider_end, vaults_end, d_27, items_6, zot_1, zot_end,
          crypt_end, forest_end, elf_end, slime_end, tomb_end, abyss_end,
          pan_hell_end]

Skill      XL: |  1  2  3  4 |
---------------+-------------+-----
Earth Magic    | 7 8 |  8.3
Dodging        | 2 3 |  3.3
Spellcasting   | 3 4 |  4.0
Transmutations | 1 |  1.1
Fighting       | |  0.7
Stealth        | |  2.1

Action                   |  1- 3 |  4- 6 || total
-------------------------+-------+-------++-------
Melee: Unarmed           |    41 |    14 ||    55
 Cast: Sandblast         |     5 |     3 ||     8
  Use: Potion            |     1 |     1 ||     2
 Stab: Sleeping          |     1 |       ||     1
Armor: Robe              |    20 |     5 ||    25
Dodge: Dodged            |    28 |     6 ||    34

Table legend: (Time is in decaauts)
 A = Elapsed time spent in this place.
 B = Non-inter-level travel time spent in this place.
 C = Inter-level travel time spent in this place.
 D = Time resting spent in this place.
 E = Time spent auto-exploring this place.
 F = Levels seen in this place.
 G = Mean time per level.
                   A        B        C        D        E       F      G
               +--------+--------+--------+--------+--------+-----+--------+
         Total |     79 |     79 |      0 |      0 |      0 |   1 |   79.0 |
       Dungeon |     79 |     79 |      0 |      0 |      0 |   1 |   79.0 |
               +--------+--------+--------+--------+--------+-----+--------+

Top non-repeatable levels by time:
       D: 79 daAuts
